Map: Curious Minds LE

Players

PENNY - Winner!

  • Race: Terran Terran
  • League: Diamond
  • Spawn Location: 11:00

terranmaster

  • Race: Zerg Zerg
  • League: Master
  • Spawn Location: 5:00

VOD

Have the link to the VOD?

Description

Time

  • Played on: May 14, 2022, 11:55 a.m.
  • Length: 11:16
Show
View Real Time Build Order
Export as new Build Order

PENNY Terran - Winner!

Build Orders: Liberator Opening 

Get SALT Encoding   

  12  0:01  SCV  
  13  0:13  SCV  
  14  0:18  Supply Depot  
  14  0:25  SCV  
  15  0:31  Refinery  
  15  0:40  SCV  
  16  0:45  Barracks  
  16  0:52  SCV  
  17  0:59  Refinery  
  17  1:04  SCV  
  18  1:16  SCV  
  19  1:28  SCV  
  19  1:32  Marine  
  21  1:40  Bunker  
  21  1:41  Factory  
  21  1:49  Marine  
  22  1:56  Orbital Command  
  22  2:06  Supply Depot  
  22  2:30  Starport, SCV  
  22  2:31  Factory Tech Lab  
  22  2:34  Marine  
  24  2:42  SCV  
  25  2:51  Marine  
  25  2:56  SCV  
  25  2:58  Siege Tank  
  30  3:06  Starport Reactor  
  30  3:09  SCV  
  30  3:12  Supply Depot  
  31  3:15  Supply Depot  
  31  3:29  SCV  
  31  3:33  Marine  
  32  3:41  SCV  
  33  3:51  Marine  
  33  3:53  Liberator x2  
  33  3:54  SCV  
  41  3:58  Widow Mine  
  41  3:59  Bunker  
  41  4:06  SCV  
  39  4:17  Marine  
  39  4:21  SCV  
  41  4:29  Supply Depot  
  41  4:33  SCV  
  41  4:35  Marine  
  43  4:42  Liberator  
  46  4:47  Liberator  
  46  4:48  Command Center  
  46  4:51  SCV  
  50  4:53  Siege Tank  
  53  5:03  Marine  
  53  5:04  SCV  
  55  5:16  SCV  
  56  5:22  Command Center  
  56  5:28  Supply Depot, SCV  
  57  5:41  SCV  
  55  5:43  Liberator  
  55  5:46  Liberator  
  58  6:05  SCV  
  58  6:06  Siege Tank  
  58  6:07  Orbital Command  
  58  6:11  Refinery  
  62  6:24  Refinery  
  62  6:39  Liberator  
  62  6:46  SCV  
  63  6:49  Engineering Bay  
  63  6:59  Widow Mine, SCV  
  63  7:14  SCV  
  63  7:15  Planetary Fortress  
  64  7:16  Missile Turret  
  64  7:22  Missile Turret  
  58  7:30  Missile Turret  
  58  7:34  SCV  
  58  7:36  Liberator, Missile Turret  
  58  7:37  Liberator  
  65  7:45  Missile Turret, Widow Mine  
  65  7:46  SCV  
  65  7:49  Missile Turret  
  68  7:53  Missile Turret  
  68  7:54  Missile Turret  
  68  8:06  Missile Turret  
  65  8:21  SCV  
  65  8:22  Liberator x2  
  72  8:28  Missile Turret  
  72  8:31  Widow Mine  
  72  8:33  SCV  
  75  8:38  Factory  
  75  8:44  Factory  
  75  8:45  SCV  
  75  8:47  SCV x2  
  75  8:48  Factory, Refinery  
  78  8:52  Widow Mine  
  80  8:57  SCV  
  80  8:59  SCV x2  
  83  9:09  Command Center, SCV  
  84  9:11  SCV  
  84  9:13  Widow Mine  
  81  9:21  SCV  
  81  9:23  Refinery  
  82  9:29  SCV  
  82  9:30  Factory Reactor, Factory Tech Lab  
  83  9:32  Factory Reactor  
  83  9:33  SCV  
  81  9:46  SCV  
  82  9:56  Missile Turret  
  82  9:57  Missile Turret  
  82  9:58  SCV  
  80  10:08  SCV  
  80  10:10  Hellion x6, SCV  
  94  10:15  Armory  
  94  10:17  Missile Turret, Armory  
  94  10:18  Armory  
  94  10:20  Supply Depot  
  94  10:22  Supply Depot, SCV  
  94  10:23  Supply Depot  
  95  10:31  Hellion x5  
  95  10:34  SCV  
  106  10:36  Missile Turret  
  112  11:05  Missile Turret  
  112  11:16  Refinery  
Show
View Real Time Build Order
Export as new Build Order

terranmaster Zerg 

Build Orders: Hatch First 

Get SALT Encoding   

  12  0:01  Drone  
  13  0:12  Overlord  
  13  0:16  Drone  
  14  0:30  Drone x2  
  16  0:48  Hatchery  
  15  0:51  Drone  
  15  0:55  Drone  
  17  0:59  Drone  
  18  1:09  Extractor  
  17  1:14  Spawning Pool  
  17  1:17  Drone  
  17  1:20  Drone  
  18  1:28  Drone  
  19  1:40  Drone  
  20  1:49  Drone  
  22  2:01  Zergling x4  
  22  2:02  Queen  
  22  2:03  Queen  
  27  2:11  Zergling x2  
  28  2:17  Spine Crawler  
  28  2:21  Overlord  
  27  2:26  Zergling x2  
  28  2:32  Metabolic Boost  
  28  2:39  Zergling x4  
  28  2:42  Zergling x2  
  31  2:45  Zergling x2  
  31  2:49  Zergling x2  
  33  2:56  Zergling x4  
  35  3:11  Drone  
  36  3:29  Hatchery  
  35  3:36  Lair  
  35  3:42  Overlord  
  35  3:56  Overlord  
  35  3:59  Queen  
  34  4:09  Drone x6  
  34  4:12  Drone  
  35  4:17  Drone x2  
  35  4:23  Drone  
  38  4:25  Extractor  
  38  4:26  Extractor  
  36  4:31  Zergling x4  
  36  4:32  Zergling x2  
  39  4:40  Spire  
  39  4:44  Drone x2  
  40  4:48  Drone  
  40  4:50  Drone  
  42  4:53  Drone  
  42  4:55  Drone  
  42  5:11  Spore Crawler  
  32  5:39  Queen  
  32  5:41  Drone  
  33  5:46  Drone  
  30  6:23  Extractor  
  29  6:31  Spore Crawler  
  27  6:42  Drone x4  
  31  6:47  Drone x2  
  33  6:55  Drone x3  
  19  7:18  Drone x4  
  23  7:33  Drone  
  24  7:40  Drone x2  
  27  7:47  Spore Crawler  
  27  7:49  Drone  
  27  7:52  Drone  
  27  7:59  Drone  
  27  8:00  Drone  
  29  8:07  Drone  
  29  8:08  Drone  
  30  8:20  Drone x2  
  30  8:23  Queen  
  34  8:27  Drone x2  
  34  8:28  Drone  
  34  8:33  Queen x2  
  41  8:44  Drone  
  42  8:59  Pneumatized Carapace  
  41  9:08  Drone x3  
  42  9:16  Drone x3  
  41  9:35  Drone  
  41  9:36  Drone x2  
  41  9:43  Drone x3  
  39  9:54  Spore Crawler  
  39  9:57  Spore Crawler  
  39  9:58  Drone x6  
  41  10:05  Queen  
  42  10:07  Overlord  
  42  10:13  Overlord x2  
  42  10:20  Overlord  
  42  10:23  Extractor, Overlord  
  42  10:24  Spore Crawler, Extractor  
  42  10:26  Spore Crawler, Drone x2  
  42  10:28  Drone  
  41  10:29  Drone  
  41  10:35  Drone, Hydralisk Den  
  41  10:36  Drone x2  
  41  10:39  Drone  
  41  10:40  Drone  
  46  10:43  Drone  
  47  10:54  Drone x6  
Tags
 
Add a new tag
Caveats
  • Supply blocks, unpowered buildings, or Contaminate may cause inaccurate times.
  • Supply counts are checked every 10 seconds.